 Dungeon Crawl Stone Soup version bcrawl-1.19.1 (webtiles) character file.

Game seed: 4067521480249893022

44 Freyura the Grave Robber (level 3, -4/20 HPs)
             Began as a Skeleton Necromancer on Nov 24, 2019.
             Slain by a worm (7 damage)
             ... on level 2 of the Dungeon.
             The game lasted 00:07:07 (1664 turns).

Freyura the Grave Robber (Skeleton Necromancer)     Turns: 1664, Time: 00:07:07

Health: -4/20      AC:  3    Str: 12 (14) XL:     3   Next: 39%
Magic:  0/8        EV: 12    Int: 13      God:
Gold:   87         SH:  0    Dex:  9 (10) Spells: 7/9 levels left

rFire    . . .     SeeInvis .   a - +0 dagger
rCold    + . .     Gourm    .   (no shield)
rNeg     + + +     Faith    .   b - +0 robe
rPois    ∞         Spirit   +   (no helmet)
rElec    .         Reflect  .   g - +0 cloak
rCorr    .         Harm     .   (no gloves)
MR       .....                  (no boots)
Stlth    ++........             (no amulet)
HPRegen  0.06/turn              (no ring)
MPRegen  0.11/turn              (no ring)

@: no status effects
A: no food or potions, cold resistance 1, deterioration 1, negative energy
resistance 3, torment resistance, unbreathing, magic shield, sturdy frame 1,
spell healing
a: no special abilities


You were on level 2 of the Dungeon.
You were not hungry.

You visited 1 branch of the dungeon, and saw 2 of its levels.

You collected 87 gold pieces.

Inventory:

Hand Weapons
 a - a +0 dagger (weapon)
Armour
 b - a +0 robe (worn)
 g - a +0 cloak (worn)
Wands
 f - a wand of iceblast (11)
Scrolls
 c - a scroll of blinking {unknown}
 d - 5 scrolls of remove curse {unknown}
 e - a scroll of enchant weapon {unknown}
 h - 3 scrolls of identify {unknown}


   Skills:
 + Level 0.9 Fighting
 + Level 1.1 Short Blades
 + Level 2.3 Dodging
 + Level 2.7 Stealth
 * Level 3.9 Spellcasting
 + Level 4.5 Necromancy


You had 7 spell levels left.
You knew the following spells:

 Your Spells              Type           Power        Failure   Level  Hunger
a - Pain                  Necr           ##....       3%          1    N/A
b - Animate Skeleton      Necr           N/A          3%          1    N/A

Your spell library contained the following spells:

 Spells                   Type           Power        Failure   Level  Hunger
 Vampiric Draining        Necr           ##........   10%         3    N/A
 Animate Dead             Necr           N/A          32%         4    N/A
 Bolt of Draining         Conj/Necr      #.........   92%         5    N/A
 Regeneration             Chrm/Necr      Unusable     N/A         3    N/A

Dungeon Overview and Level Annotations

Branches:
Dungeon (2/12)

Altars:


Innate Abilities, Weirdness & Mutations

You do not eat or drink.
You are immune to poison.
Your flesh is cold resistant. (rC+)
Your body sometimes deteriorates upon taking damage.
You are immune to negative energy. (rN+++)
You are immune to unholy pain and torment.
You can survive without breathing.
When hurt, damage is shared between your health and your magic reserves.
Your movements are slightly less encumbered by armour. (ER -2)
Casting spells heals you.


Message History

The giant cockroach barely misses you.
The giant cockroach completely misses you.
The giant cockroach bites you but does no damage.
The giant cockroach closely misses you.
The giant cockroach bites you but does no damage. x2
The giant cockroach bites you but does no damage.
The giant cockroach bites you but does no damage.
The worm misses you.
The giant cockroach bites you but does no damage.
The giant cockroach bites you but does no damage.
The worm bites you.
Your body deteriorates!
You feel weakened. The giant cockroach barely misses you.
The giant cockroach bites you. The worm bites you!
* * * LOW HITPOINT WARNING * * *
The giant cockroach bites you but does no damage.
The giant cockroach closely misses you. The worm closely misses you.
The giant cockroach bites you but does no damage.
The giant cockroach misses you. The worm bites you!
You die...

#...... ### #>.....
..##### #......
#..$<.#####...... ###
#............##.# ..<.
#...........(##.. .....
#..........#.....
......##..........#####.
#. ##.s@..........# #.
#.##...w..........## #.
##!#..#.#............# #.
##.......###..#######.###.
#...#...< ##.# .$...
.....### ...# ####.!
##..## #.#... #.....
#....# #. ### #.....
##....# #. .##.....


You could see a worm and a giant cockroach.

Vanquished Creatures
  An adder (D:2)
  A worm (D:2)
  A leopard gecko (D:1)
  An orc (D:2)
  2 bats
  2 giant cockroaches (D:1)
  3 hobgoblins
  2 jackals (D:1)
  A quokka (D:2)
  A frilled lizard (D:1)
  5 kobolds
  2 rats
22 creatures vanquished.

Vanquished Creatures (collateral kills)
  A dart slug (D:2)
  An orc (D:2)
  A goblin (D:2)
  2 kobolds (D:2)
5 creatures vanquished.

Grand Total: 27 creatures vanquished

Notes
Turn   | Place    | Note
-------+----------+-------------------------------------------
     0 | D:1      | Freyura the Skeleton Necromancer began the quest for the
                  | Orb.
     0 | D:1      | Reached XP level 1. HP: 10/10 MP: 4/4
   240 | D:1      | Reached XP level 2. HP: 16/16 MP: 3/6
   357 | D:1      | Learned a level 1 spell: Animate Skeleton
   988 | D:2      | Reached skill level 1 in Short Blades
   988 | D:2      | Reached XP level 3. HP: 19/20 MP: 2/8
  1277 | D:2      | HP: 1/20 [worm (4)]
  1664 | D:2      | Slain by a worm

Skill      XL: |  1  2 |
---------------+-------+-----
Short Blades   | 1 |  1.1
Fighting       | |  0.9
Dodging        | |  2.3
Stealth        | |  2.7
Spellcasting   | |  3.9
Necromancy     | |  4.5

Action                   || total
-------------------------++-------
Melee: Dagger            ||   105
 Cast: Pain              ||    36
       Animate Skeleton  ||     7
Armor: Robe              ||    46
Dodge: Dodged            ||   117
